 Zot Defence DCSS version 0.11.3 (webtiles) character file.

125 GenialerGandalf the Shield-Bearer (level 5, -16/46 HPs)
             Began as a Hill Orc Fighter on July 12, 2021.
             Demolished by Plyxumor the orange rat (17 damage)
             ... in the Realm of Zot (Scenario I: Hall of Zot).
             The game lasted 00:11:03 (634 turns).

GenialerGandalf the Shield-Bearer (Hill Orc Fighter) Turns: 634, Time: 00:11:04

HP -16/46        AC  7     Str 20      XL: 5   Next:  8%
MP   4/4         EV  6     Int  8      God:
Gold 20          SH 20     Dex 10      Spells:  0 memorised,  4 levels left

Res.Fire  : . . .   See Invis. : .   a - +0 orc hand axe {=f}
Res.Cold  : . . .   Warding    : .   b - +0 orc scale mail
Life Prot.: . . .   Conserve   : .   c - +0 orc shield
Res.Poison: .       Res.Corr.  : .   (no helmet)
Res.Elec. : .       Clarity    : .   (no cloak)
Sust.Abil.: . .     Spirit.Shd : .   (no gloves)
Res.Mut.  : .       Stasis     : .   (no boots)
Res.Rott. : .       Ctrl.Telep.: +   (no amulet)
Saprovore : + . .   Levitation : .   (no ring) Ctrl.Flight: .
                                     (no ring)

@: slightly resistant to hostile enchantments, extremely unstealthy
A: saprovore 1, teleport control
a: Make dart trap, Make oklob sapling, Make arrow trap, Make plant, Remove
Curse, Make burning bush


You were in the Realm of Zot.
You were not hungry.

You visited 1 branch of the dungeon, and saw 1 of its levels.

Inventory:

Hand weapons
 a - a +0,+0 orcish hand axe (weapon) {=f}
Missiles
 e - 5 darts (quivered)
Armour
 b - a +0 orcish scale mail (worn)
 c - a +0 orcish shield (worn)
Comestibles
 f - a meat ration
Scrolls
 j - a scroll of blinking
Potions
 d - a potion of curing
 g - a potion of speed
 h - 2 potions of magic
 i - a potion of berserk rage


   Skills:
 + Level 4.0 Fighting
 + Level 2.9 Axes
 + Level 4.2 Armour
 + Level 0.7 Dodging
 + Level 4.4 Shields
 - Level 2.0 Traps & Doors


You had 4 spell levels left.
You didn't know any spells.

Dungeon Overview and Level Annotations

Branches:
    Zot (1/1)

Altars:


Innate Abilities, Weirdness & Mutations

You can tolerate rotten meat.
You can control translocations.


Message History

You block the bat's attack. The kobold hits you.
* * * LOW HITPOINT WARNING * * *
The goblin hits you but does no damage. Pazaiv bites you but does no damage.
You block the giant gecko's attack. The bat barely misses you.
The bat hits you but does no damage. You block the gnoll's attack.
Plyxumor bites you.
* * * LOW HITPOINT WARNING * * *
You slash the giant gecko!
You kill the giant gecko!
You block the green rat's attack. The bat hits you but does no damage.
The kobold hits you but does no damage.
The goblin hits you with an orcish club.
* * * LOW HITPOINT WARNING * * *
Pazaiv bites you but does no damage. You block Pazaiv's attack.
The kobold hits you but does no damage. You block the bat's attack.
The bat hits you but does no damage. The gnoll hits you but does no damage.
Plyxumor bites you.
* * * LOW HITPOINT WARNING * * *
Plyxumor bites you!
You die...

######### ######### ....####
####.... .......### ###.......
.........## ##.........
..........# ######### #..........
..........###.......###..........
..........##....Kbr..##..........
..........#P...KKgr..P#..r.......
..........^...rr@rKK..^..........
..........#P...bbSg..P#..........
..........##....r....##..........
..........###.......###..........
..........# ######### #..........
.........## ##.........
.......### ###....... ....####
####.... ######## ########


You could see Plyxumor the orange rat, a gnoll, Pazaiv the adder, a green rat, a
goblin, 3 bats, 5 kobolds and 4 rats.

Vanquished Creatures
  A green rat (Zot)
  2 giant geckos (Zot)
  2 oozes (Zot)
  An orc (Zot)
  2 ball pythons (Zot)
  5 goblins (Zot)
  A hobgoblin (Zot)
  9 kobolds (Zot)
  2 bats (Zot)
  A giant newt (Zot)
  A goblin zombie (Zot)
  A hobgoblin zombie (Zot)
  5 rats (Zot)
  4 toadstools (Zot)
37 creatures vanquished.

Vanquished Creatures (others)
  A ball python (Zot)
  4 giant newts (Zot)
  A goblin (Zot)
  5 rats (Zot)
  2 plants (Zot)
13 creatures vanquished.

Grand Total: 50 creatures vanquished

Notes
Turn   | Place    | Note
--------------------------------------------------------------
     0 | Zot      | GenialerGandalf, the Hill Orc Fighter, began the quest for the Orb.
     0 | Zot      | Reached XP level 1. HP: 19/19 MP: 0/0
   213 | Zot      | Reached XP level 2. HP: 26/26 MP: 1/1
   234 | Zot      | Reached XP level 3. HP: 30/33 MP: 2/2
   320 | Zot      | Reached skill level 4 in Shields
   335 | Zot      | Reached XP level 4. HP: 18/40 MP: 3/3
   630 | Zot      | Reached XP level 5. HP: 9/46 MP: 4/4
   634 | Zot      | HP: 1/46 [Plyxumor the orange rat (5)]
   634 | Zot      | Demolished by Plyxumor the orange rat
